 Dungeon Sprint DCSS version 0.21.1-1-g345015f (webtiles) character file.

1184 lydgate the Grappler (level 8, -16/136 HPs)
             Began as a Troll Berserker on Feb 13, 2018.
             Was a Priest of Trog.
             Demolished by a deep troll (27 damage)
             ... in the Dungeon (Sprint I: "Red Sonja").
             The game lasted 00:03:54 (304 turns).

lydgate the Grappler (Troll Berserker)               Turns: 304, Time: 00:03:54

Health: -16/136    AC:  5    Str: 31    XL:     8   Next: 19%
Magic:  7/7        EV: 14    Int:  3    God:    Trog [***...]
Gold:   153        SH:  0    Dex: 11    Spells: 7/7 levels left

rFire    . . .     SeeInvis .     - Unarmed
rCold    . . .     Gourm    +   (no shield)
rNeg     . . .     Faith    .   a - +0 animal skin
rPois    .         Spirit   .   (helmet restricted)
rElec    .         Reflect  .   (no cloak)
rCorr    .         Harm     .   (gloves unavailable)
MR       ++...     NoTele   +   (boots unavailable)
Stlth    ..........             (no amulet)
HPRegen  1.72/turn              (no ring)
MPRegen  0.10/turn              (no ring)

@: berserking, regenerating, very quick
A: large, unfitting armour, claws 3, fast metabolism 3, gourmand, regeneration
1, shaggy fur 1, tough skin 2
a: Berserk, Trog's Hand, Burn Spellbooks, Renounce Religion


You were in the Dungeon.
You worshipped Trog.
Trog was most pleased with you.
You were not hungry.

You visited 1 branch You collected 405 gold pieces.
You spent 252 gold pieces at shops.

Inventory:

Hand Weapons
 j - a +0 blowgun
Missiles
 m - 7 curare-tipped needles
Armour
 a - a +0 animal skin (worn)
Wands
 l - a wand of disintegration (7)
Scrolls
 h - a scroll of blinking
 k - a scroll of enchant armour {unknown}
Potions
 c - a potion of curing
 d - a potion of heal wounds
 e - a potion of haste
 f - 2 potions of magic
 g - a potion of berserk rage
 i - a potion of lignification {unknown}
Comestibles
 b - 2 rations


   Skills:
 + Level 8.9 Fighting
 + Level 8.9 Dodging
 + Level 11.5 Unarmed Combat
 + Level 0.5 Evocations


You had 7 spell levels left.
You didn't know any spells.

Dungeon Overview and Level Annotations

Branches:
Dungeon (1/1)

Altars:
Cheibriados
Dithmenos
Elyvilon
Fedhas
Gozag
Hepliaklqana
Kikubaaqudgha
Makhleb
Nemelex Xobeh
Okawaru
Qazlal
Ru
Sif Muna
Trog
Uskayaw
Vehumet
Wu Jian
Xom
Yredelemnul
Zin
The Shining One
Jiyva
Lugonu

Shops:
D *}


Innate Abilities, Weirdness & Mutations

You are too large for most types of armour.
You have claws for hands.
Your metabolism is lightning-fast.
You like to eat raw meat.
Your natural rate of healing is unusually fast.
You are covered in fur. (AC +1)
You have very tough skin. (AC +2)


Message History

You closely miss the deep troll. The deep troll bites you.
The deep troll claws you!! The deep troll completely misses you.
Evoke which item? (* to show all) (? for menu, Esc to quit)
Aiming: Disintegrate
Press: ? - help, Shift-Dir - straight line, f/p - deep troll
Aim: a deep troll (chance to defeat MR: 50%)
The deep troll is blasted.
The deep troll bites you!
The deep troll claws you but does no damage.
The deep troll claws you.
You don't know any spells.
Unknown command.
Your skin crawls.
You feel resistant to hostile enchantments.
You feel somewhat less full. The deep troll bites you!!
* * * LOW HITPOINT WARNING * * *
The deep troll completely misses you. The deep troll claws you.
* * * LOW HITPOINT WARNING * * *
A red film seems to cover your vision as you go berserk!
You feel yourself moving faster!
You feel mighty! The deep troll bites you!!
You die...

#..#####'#####'#__#
#..####..#..%#.####
#..#__####..##.#§§§
#..#_____##)#_.+§§§
#⌠⌠#_.∩...'..._#§≈§.c#
####_..__##_.#+# +####
#_____###'#
############.####+###
#∩........'..@T$$.$$+
###++++####...#######
##.## #+#


You could see a deep troll.

Vanquished Creatures
  Sonja (D)
  A slime creature (D)
  Sigmund (D)
  A yak (D)
  An ogre (D)
  A jelly (D)
  Ijyb (D)
7 creatures vanquished.

Notes
Turn   | Place    | Note
-------+----------+-------------------------------------------
     0 | D        | lydgate the Troll Berserker began the quest for the Orb.
     0 | D        | Reached XP level 1. HP: 22/22 MP: 0/0
     1 | D        | Noticed Ijyb
    15 | D        | Killed Ijyb
    15 | D        | Reached skill level 4 in Unarmed Combat
    15 | D        | Reached XP level 2. HP: 32/32 MP: 1/1
    46 | D        | Noticed an ogre
    49 | D        | Killed an ogre
    49 | D        | Reached skill level 5 in Fighting
    49 | D        | Reached skill level 5 in Dodging
    49 | D        | Reached skill level 6 in Unarmed Combat
    49 | D        | Reached XP level 3. HP: 42/42 MP: 2/2
    49 | D        | Reached XP level 4. HP: 50/50 MP: 3/3
    93 | D        | Noticed Sigmund
    99 | D        | Killed Sigmund
    99 | D        | Reached ** piety under Trog
    99 | D        | Reached skill level 7 in Unarmed Combat
    99 | D        | Reached XP level 5. HP: 35/61 MP: 4/4
   153 | D        | Found a burning altar of Makhleb.
   153 | D        | Found a viscous altar of Jiyva.
   153 | D        | Found a shimmering altar of Xom.
   153 | D        | Found a corrupted altar of Lugonu.
   153 | D        | Noticed a slime creature
   160 | D        | Killed a slime creature
   160 | D        | Reached skill level 9 in Unarmed Combat
   160 | D        | Reached XP level 6. HP: 55/71 MP: 5/5
   172 | D        | Found an ornate altar of the Wu Jian Council.
   172 | D        | Found a deep blue altar of Sif Muna.
   174 | D        | Found a radiant altar of Vehumet.
   202 | D        | Found Gixkaoq's Gadget Emporium.
   202 | D        | Found an ancient bone altar of Kikubaaqudgha.
   202 | D        | Found a hazy altar of Hepliaklqana.
   202 | D        | Found a hide-covered altar of Uskayaw.
   202 | D        | Found a basalt altar of Yredelemnul.
   202 | D        | Found an opulent altar of Gozag.
   202 | D        | Found a snail-covered altar of Cheibriados.
   202 | D        | Found a sacrificial altar of Ru.
   202 | D        | Found a shadowy altar of Dithmenos.
   202 | D        | Noticed a yak
   205 | D        | Killed a yak
   205 | D        | Reached *** piety under Trog
   205 | D        | Reached XP level 7. HP: 68/79 MP: 6/6
   206 | D        | Found a stormy altar of Qazlal.
   206 | D        | Found a blossoming altar of Fedhas.
   206 | D        | Found a bloodstained altar of Trog.
   206 | D        | Found an iron altar of Okawaru.
   206 | D        | Found a glowing golden altar of the Shining One.
   206 | D        | Found a glowing silver altar of Zin.
   206 | D        | Found a white marble altar of Elyvilon.
   207 | D        | Found a sparkling altar of Nemelex Xobeh.
   211 | D        | Bought a wand of disintegration (14) for 252 gold pieces
   220 | D        | Noticed a centaur warrior
   230 | D        | Noticed Sonja
   237 | D        | Killed Sonja
   237 | D        | Reached skill level 11 in Unarmed Combat
   237 | D        | Reached XP level 8. HP: 76/91 MP: 7/7
   275 | D        | Found Plog's Assorted Antiques.
   295 | D        | Noticed a deep troll
   304 | D        | Demolished by a deep troll

Skill      XL: |  1  2  3  4  5  6  7 |
---------------+----------------------+-----
Fighting       | 3 5 6 7 8 |  8.9
Dodging        | 3 5 6 7 8 |  8.9
Unarmed Combat | 4 6 7 9 11 | 11.5
Evocations     | |  0.5

Action                   |  1- 3 |  4- 6 |  7- 9 || total
-------------------------+-------+-------+-------++-------
Melee: Unarmed           |    14 |    15 |     2 ||    31
       Punch             |       |     3 |       ||     3
Invok: Berserk           |     2 |       |     1 ||     3
       Trog's Hand       |       |       |     1 ||     1
Evoke: Wand              |       |       |     7 ||     7
  Use: Scroll            |       |       |     1 ||     1
  Eat: Chunk             |       |     6 |       ||     6
Armor: Animal skin       |     2 |     2 |     1 ||     5
Dodge: Dodged            |     1 |     2 |     8 ||    11
